 Dungeon Crawl Stone Soup version 0.32-a0-960-g3814254bd7 (webtiles) character file.

Game seed: 12503734261847128226

1693 Revguard the Shield-Bearer (level 8, -1/56 (61) HPs)
             Began as a Demonspawn Fighter on Apr 17, 2024.
             Killed by divine providence
             ... invoked by an orc priest
              (10 damage)
             ... on level 7 of the Dungeon.
             The game lasted 00:13:39 (5918 turns).

Revguard the Shield-Bearer (Demonspawn Fighter)     Turns: 5918, Time: 00:13:40

HP:   -1/56 (61)    AC:  9    Str: 19    XL:     8   Next: 72%
MP:   11/11         EV: 14    Int: 12    God:
Gold: 355           SH: 14    Dex: 15    Spells: 7/7 levels left

rFire   . . .        a - +0 war axe
rCold   . . .        c - +0 buckler
rNeg    . . .        b - +0 scale mail
rPois   .            A - +1 hat of Space {Rampage rElec Int+4}
rElec   +            (no cloak)
rCorr   .            (no gloves)
SInv    +            z - +0 pair of boots
Will    .....        h - amulet of reflection
Stlth   +            j - ring of see invisible
HPRegen 0.29/turn    k - +5 ring of evasion
MPRegen 0.12/turn

%: reflection, rampage
@: attractive, drained
A: hooves 1, thin skeletal structure 1, powered by death 1, condensation shield
a: Convert to Beogh


You were on level 7 of the Dungeon.
You visited 2 branches of the dungeon, and saw 8 of its levels.

You collected 381 gold pieces.
You spent 26 gold pieces at shops.

Inventory:

Hand Weapons
 a - a +0 war axe (weapon)
Missiles
 w - a throwing net (quivered)
Armour
 b - a +0 scale mail (worn)
 c - a +0 buckler (worn)
 q - a +0 helmet
 z - a +0 pair of boots (worn)
 A - the +1 hat of Space (worn) {Rampage rElec Int+4}
   (You found it on level 3 of the Dungeon)

   Int+4:     It affects your intelligence (+4).
   rElec:     It insulates you from electricity.
   Rampage:   It bestows one free step when moving towards enemies.
Jewellery
 h - an amulet of reflection (around neck)
 j - a ring of see invisible (left hand)
 k - a +5 ring of evasion (right hand)
 o - a ring of resist corrosion
 D - a ring of fire
Wands
 x - a wand of warping (7)
Scrolls
 d - 2 scrolls of enchant weapon {unknown}
 f - 3 scrolls of identify
 m - 2 scrolls of fear {unknown}
 n - 2 scrolls of teleportation {unknown}
 p - 3 scrolls of enchant armour {unknown}
 v - a scroll of revelation {unknown}
 y - a scroll of poison {unknown}
Potions
 e - 3 potions of resistance
 g - a potion of cancellation
 i - 2 potions of curing
 l - a potion of ambrosia {unknown}
 r - a potion of degeneration {unknown}
 s - a potion of heal wounds {unknown}
 t - a potion of brilliance {unknown}
 u - 2 potions of magic {unknown}
 B - a potion of enlightenment {unknown}


   Skills:
 + Level 4.8 Fighting
 * Level 5.1 Axes
 + Level 4.2 Armour
 + Level 3.1 Dodging
 * Level 5.4 Shields
 + Level 4.4 Invocations
 + Level 3.4 Evocations


You had 7 spell levels left.
You didn't know any spells.
Your spell library contained the following spells:

 Spells                   Type           Power      Damage    Failure   Level
 Apportation              Tloc           0%         N/A       75%         1
 Kiss of Death            Conj/Necr      0%         2d5       75%         1
 Magic Dart               Conj           0%         1d3       75%         1
 Necrotise                Necr           0%         1d4       75%         1
 Shock                    Conj/Air       0%         1d3       75%         1
 Sting                    Conj/Alch      0%         1d3       75%         1
 Summon Small Mammal      Summ           0%         N/A       75%         1
 Blink                    Tloc           0%         N/A       87%         2
 Call Imp                 Summ           0%         N/A       87%         2
 Confusing Touch          Hex            0%         N/A       98%         3
 Swiftness                Air            0%         N/A       98%         3
 Airstrike                Air            0%         2d(0-16)  100%        4
 Dispel Undead            Necr           0%         3d6       100%        4
 Summon Forest            Summ/Tloc      0%         N/A       100%        5
 Summon Mana Viper        Hex/Summ       0%         N/A       100%        5
 Summon Cactus Giant      Summ           0%         N/A       100%        6


Dungeon Overview and Level Annotations

Branches:
Dungeon (7/15)             Temple (1/1) D:5

Altars:
Ashenzari
Cheibriados
Dithmenos
Fedhas
Gozag
Hepliaklqana
Makhleb
Okawaru
Ru
Sif Muna
Wu Jian
Xom
Yredelemnul

Shops:
D:1 [   D:5 ?   D:6 =


Innate Abilities, Weirdness & Mutations

You have large cloven feet.
You have a somewhat thin skeletal structure. (Dex +2, Stealth+)
You regenerate a little health from kills.
A meltable shield of frost defends you. (SH +4)


Message History

An orc comes into view. It is wielding a +0 war axe.
You block the wight's attack.
You closely miss the wight.
The wight is almost destroyed.
You hit the wight but do no damage. The wight closely misses you.
You block the wight's attack.
Unknown command.
You hit the wight but do no damage.
The wight is almost destroyed.
You slash the wight! The wight closely misses you.
The wight hits you with a +3 morningstar!
* * * LOW HITPOINT WARNING * * *
You feel drained.
* * * LOW HITPOINT WARNING * * *
An orc comes into view. It is wielding a +0 short sword.
You feel better. The wight barely misses you.
The wight hits you with a +3 morningstar!
* * * LOW HITPOINT WARNING * * *
You feel drained.
* * * LOW HITPOINT WARNING * * *
Unknown command.
You hit the wight.
You destroy the wight!
You barely miss the wight.
An orc priest comes into view. It is wielding a +3 whip.
The wight hits you with a +3 morningstar!
* * * LOW HITPOINT WARNING * * *
Unknown command.
You feel better. You block the wight's attack.
It was a potion of attraction.
You feel attractive to monsters.
The wight hits you with a +3 morningstar!
* * * LOW HITPOINT WARNING * * *
You feel drained.
* * * LOW HITPOINT WARNING * * *
You block the orc's attack. The orc priest is attracted toward you.
You feel better.
The orc priest invokes the aid of Beogh against you.
Beogh smites you!
You die...

..# ..#
#####..###
........ ......#
#$....###
#)oo..ยง..
#@zo#....
#).....#.
########...)....
#.....#....#.###
#.....#..#.# #
#........#.#
#.....#..#.# .##
###.###..#[. ..#
#.......#.


You could see a wight, an orc priest and 2 orcs.

Vanquished Creatures
  The ghost of HourglassMan the Sneak, an amateur NaFi (D:4)
  A water moccasin (D:6)
  2 ice beasts
  A phantom (D:6)
  Blork the orc (D:5)
  A scorpion (D:5)
  4 wights (D:7)
  An electric eel (D:6)
  2 howler monkeys
  A hound (D:5)
  A gnoll bouda (Temple)
  4 orc priests
  A jelly (D:5)
  2 orc wizards
  2 sleepcaps (D:5)
  6 iguanas
  10 adders
  9 gnolls
  A river rat (D:4)
  A shadow imp (D:6)
  A white imp (D:6)
  2 ribbon worms
  11 orcs
  6 bats
  4 endoplasms
  4 giant cockroaches
  2 goblins
  5 hobgoblins
  4 quokkas
  8 ball pythons
  4 frilled lizards
  6 kobolds
  6 rats
115 creatures vanquished.

Notes
Turn   | Place    | Note
-------+----------+-------------------------------------------
     0 | D:1      | Revguard the Demonspawn Fighter began the quest for the
                  | Orb.
     0 | D:1      | Reached XP level 1. HP: 18/18 MP: 1/1
   157 | D:1      | Found Heil's Antique Armour Emporium.
   532 | D:1      | Gained mutation: You regenerate a little health from kills.
                  | [demonic ancestry]
   532 | D:1      | Reached XP level 2. HP: 24/24 MP: 2/2
   857 | D:2      | Reached skill level 1 in Invocations
   884 | D:2      | Gained mutation: You have large cloven feet. [demonic
                  | ancestry]
   884 | D:2      | Reached XP level 3. HP: 10/29 MP: 3/3
  1044 | D:2      | Reached skill level 1 in Evocations
  1519 | D:2      | Gained mutation: You have a somewhat thin skeletal
                  | structure. (Dex +2, Stealth+) [demonic ancestry]
  1519 | D:2      | Reached XP level 4. HP: 34/35 MP: 4/4
  2023 | D:3      | You fall into a shaft and drop 2 floors!
  2023 | D:5      | Entered Level 5 of the Dungeon
  2079 | D:5      | Reached skill level 1 in Dodging
  2094 | D:5      | Noticed Blork the orc
  2102 | D:5      | Killed Blork the orc
  2103 | D:5      | Reached XP level 5. HP: 26/41 MP: 6/6
  2150 | D:5      | Noticed an ice beast
  2157 | D:5      | Killed an ice beast
  2158 | D:5      | Gained mutation: A meltable shield of frost defends you.
                  | (SH +4) [demonic ancestry]
  2158 | D:5      | Reached XP level 6. HP: 37/48 MP: 7/7
  2466 | D:5      | Found Qexzoj's Magic Scroll Boutique.
  2474 | D:5      | Bought a scroll of identify for 26 gold pieces
  2627 | D:5      | Identified the +1 glaive of Disembowelment {flame, rElec}
  2860 | D:5      | Reached XP level 7. HP: 33/53 MP: 9/9
  2986 | D:5      | Found a staircase to the Ecumenical Temple.
  3004 | Temple   | Entered the Ecumenical Temple
  3446 | D:4      | Found a runed translucent door.
  3622 | D:4      | Found a runed translucent door.
  3626 | D:4      | Noticed HourglassMan's ghost (amateur NaFi)
  4664 | D:3      | Identified the +1 hat of Space {Rampage rElec Int+4}
  5066 | D:4      | Killed HourglassMan's ghost
  5135 | D:6      | Reached XP level 8. HP: 56/61 MP: 10/10
  5341 | D:6      | Reached skill level 5 in Shields
  5646 | D:6      | Found Fengici's Jewellery Emporium.
  5908 | D:7      | Reached skill level 5 in Axes
  5918 | D:7      | Killed from afar by an orc priest

Illustrated notes

Levels and vault maps discovered:
D:1:      saegor_arrival_simple_a, layout_loops_ring, serial_shops, shop
D:2:      minmay_razor_zed, layout_basic
D:3:      layout_loops_ring
D:4:      layout_gridville, serial_co_window_serial, co_window_corner_a,
          co_window_of_opportunity_a, co_window_paths_a, co_window_paths_a,
          co_window_cross_1, co_window_corner_a, co_window_paths_a,
          co_window_of_opportunity_c, co_window_corner_cb, co_window_paths_c,
          co_window_of_opportunity_b, co_window_broadway_c, co_window_corner_cb,
          co_window_cross_4, glass_columns_b, glass_columns_c, glass_columns_b,
          glass_columns_b, glass_columns_c, ebering_ghost_sewer_f, minivault_11,
          minmay_misc_feat_square
D:5:      layout_basic, minmay_temple_entry_purple_smoke, serial_shops, shop,
          uniq_blork_the_orc
D:6:      layout_cave_pools, serial_shops, kennysheep_mini_moat, minivault_4,
          kennysheep_boxes
D:7:      layout_rooms, gammafunk_ghost_grave
Temple:   zaba_magenta_temple

Skill      XL: |  1  2  3  4  5  6  7  8 |
---------------+-------------------------+-----
Axes           | 2 3 4 5 |  5.1
Invocations    | 1 2 3 4 |  4.4
Shields        | 3 4 5 |  5.4
Evocations     | 1 2 3 |  3.4
Dodging        | 1 2 3 |  3.1
Armour         | 3 4 |  4.2
Fighting       | 4 |  4.8

Action                     |  1- 3 |  4- 6 |  7- 9 || total
---------------------------+-------+-------+-------++-------
  Melee: War axe           |    96 |    95 |   202 ||   393
         Kick              |    10 |    28 |    13 ||    51
  Evoke: Wand              |       |       |     2 ||     2
    Use: Potion            |       |     1 |     6 ||     7
         Scroll            |       |       |     3 ||     3
   Stab: Sleeping          |       |       |     2 ||     2
         Distracted        |       |       |     1 ||     1
 Armour: Scale mail        |    62 |    52 |    84 ||   198
  Dodge: Dodged            |    50 |    58 |   100 ||   208
  Block: Buckler           |    42 |    60 |   171 ||   273
         Reflection        |     2 |     1 |     1 ||     4

Table legend: (Time is in decaauts)
 A = Elapsed time spent in this place.
 B = Non-inter-level travel time spent in this place.
 C = Inter-level travel time spent in this place.
 D = Time resting spent in this place.
 E = Time spent auto-exploring this place.
 F = Levels seen in this place.
 G = Mean time per level.
                   A        B        C        D        E       F      G
               +--------+--------+--------+--------+--------+-----+--------+
         Total |   6067 |   5827 |    240 |     84 |   4588 |   8 |  758.4 |
       Dungeon |   5954 |   5714 |    240 |      0 |   4588 |   7 |  850.6 |
        Temple |    113 |    113 |      0 |     84 |      0 |   1 |  113.0 |
               +--------+--------+--------+--------+--------+-----+--------+

Top non-repeatable levels by time:
     D:5: 1372 daAuts
     D:2: 1349 daAuts
     D:4: 1032 daAuts
     D:6: 709 daAuts
     D:1: 705 daAuts
     D:3: 664 daAuts
     D:7: 120 daAuts
  Temple: 113 daAuts
